 Dungeon Crawl Stone Soup version 0.22-a0-351-g29664b4 (webtiles) character file.

33 inmateoo the Gusty (level 3, 0/19 HPs)
             Began as a Vine Stalker Air Elementalist on Apr 13, 2018.
             Slain by a jackal (1 damage)
             ... on level 1 of the Dungeon.
             The game lasted 00:02:31 (701 turns).

inmateoo the Gusty (Vine Stalker Air Elementalist)   Turns: 701, Time: 00:02:31

Health: 0/19       AC:  2    Str: 10    XL:     3   Next: 29%
Magic:  0/7        EV: 12    Int: 16    God:
Gold:   46         SH:  0    Dex: 14    Spells: 5/6 levels left

rFire    . . .     SeeInvis .   b - +0 spear
rCold    . . .     Gourm    .   (no shield)
rNeg     . . .     Faith    .   a - +0 robe
rPois    .         Spirit   +   (no helmet)
rElec    .         Reflect  .   (no cloak)
rCorr    .         Harm     .   (no gloves)
MR       .....                  (no boots)
Stlth    ++........             (no amulet)
HPRegen  0.06/turn              (no ring)
MPRegen  0.10/turn              (no ring)

@: very slightly contaminated, hasted, very quick
A: fangs 2, magic shield, antimagic bite, no potion heal 3, rot immunity
a: no special abilities


You were on level 1 of the Dungeon.
You were not hungry.

You visited 1 branch of the dungeon, and saw 1 of its levels.

You collected 46 gold pieces.

Inventory:

Hand Weapons
 b - a +0 spear (weapon)
Armour
 a - a +0 robe (worn)
Scrolls
 e - 2 scrolls of fear {unknown}
 g - 2 scrolls of blinking {unknown}
Comestibles
 c - a ration


   Skills:
 + Level 2.5 Fighting
 - Level 1.5 Dodging
 - Level 2.4 Stealth
 - Level 2.1 Spellcasting
 - Level 1.0 Conjurations
 - Level 3.0 Air Magic


You had 5 spell levels left.
You knew the following spells:

 Your Spells              Type           Power        Failure   Level  Hunger
a - Shock                 Conj/Air       #...         9%          1    #......


Dungeon Overview and Level Annotations

Branches:
Dungeon (1/15)

Altars:


Innate Abilities, Weirdness & Mutations

You have extremely sharp teeth.
When hurt, damage is shared between your health and your magic reserves.
Your bite disrupts and absorbs the magic of your enemies.
Potions cannot restore your health.
You are immune to rotting.


Message History

Confirm with . or Enter, or press ? or * to list all spells.
Aiming: Shock (safe; 9% risk of failure)
Press: ? - help, Shift-Dir - straight line, f/p - jackal
Aim: a jackal (almost dead)
The zap hits the jackal.
The jackal is almost dead.
The zap misses the jackal.
The jackal closely misses you. The jackal barely misses you.
The goblin closely misses you.
Unknown command.
Unknown command.
Unknown command.
It was a potion of haste.
You feel yourself speed up. The jackal bites you.
* * * LOW HITPOINT WARNING * * *
The jackal bites you.
* * * LOW HITPOINT WARNING * * *
The goblin barely misses you. The jackal misses you.
The jackal closely misses you.
Unknown command.
It was a potion of curing.
That felt strangely inert.
The jackal bites you.
You die...

....................##.....
............######..##.....
#####+###.#### #..####...
#....# #......... #.h..#
#.####.... #....# #....
#h#### #.... #h########
#.((† #h@gg..... #(#..
################.#..
##.............##)#..
#..#####'#####..#.###
##.#####...### #.#....
#..###.......###.####.
#...#.........#...# #.
#...+....<....'...# #.
#...#.........#...# #.


You could see 3 jackals and 2 goblins.

Vanquished Creatures
  2 dart slugs (D:1)
  A leopard gecko (D:1)
  A bat (D:1)
  2 giant cockroaches (D:1)
  2 goblins (D:1)
  6 hobgoblins (D:1)
  4 jackals (D:1)
  2 kobolds (D:1)
  2 frilled lizards (D:1)
  A rat (D:1)
23 creatures vanquished.

Notes
Turn   | Place    | Note
-------+----------+-------------------------------------------
     0 | D:1      | inmateoo the Vine Stalker Air Elementalist began the quest for the Orb.
     0 | D:1      | Reached XP level 1. HP: 9/9 MP: 4/4
   121 | D:1      | Reached skill level 1 in Fighting
   184 | D:1      | Reached XP level 2. HP: 10/14 MP: 3/6
   558 | D:1      | Reached XP level 3. HP: 13/18 MP: 5/7
   701 | D:1      | Slain by a jackal

Vault maps used:
D:1:      dpeg_arrival_three_smaller_balls, glass_columns_c

Skill      XL: |  1  2 |
---------------+-------+-----
Fighting       | 1 2 |  2.5
Dodging        | |  1.5
Stealth        | |  2.4
Spellcasting   | |  2.1
Conjurations   | |  1.0
Air Magic      | |  3.0

Action                   || total
-------------------------++-------
Melee: Spear             ||    60
       Bite              ||    12
 Cast: Shock             ||    19
  Use: Potion            ||     2
 Stab: Sleeping          ||     1
Armor: Robe              ||    14
Dodge: Dodged            ||    71

Table legend:
 A = Spawn XP
 B = Non-spawn XP
 C = Spawn XP percentage of total XP
 D = Spawn monster count
 E = Non-spawn monster count
 F = Spawn count percentage of total count
 G = Total turns spent on level
                    A         B        C        D         E        F      G
               +---------+---------+-------+---------+---------+-------+---------
         Total |       0 |      48 |   0.0 |       0 |      23 |   0.0 |   701
               +---------+---------+-------+---------+---------+-------+---------
           D:1 |       0 |      48 |   0.0 |       0 |      23 |   0.0 |   701
               +---------+---------+-------+---------+---------+-------+---------
